| TOP OF THE 1ST |
|
Tijuana Toros batting - Pitching for Americus Braves : RHP Iestyn Nicholls
|
|
Pitching: RHP Iestyn Nicholls
|
|
|
Batting: LHB Nate Kee
|
0-0: Called Strike 0-1: Foul Ball, location: 2F 0-2: Strikes out looking
|
|
Batting: RHB Chad Rojas
|
0-0: Called Strike 0-1: Foul Ball, location: 2F 0-2: Ball 1-2: Foul Ball, location: 2F 1-2: Strikes out looking
|
|
Batting: SHB Shane Marcum
|
0-0: Swinging Strike 0-1: Ball 1-1: Called Strike 1-2: DOUBLE (Line Drive, 8LXD, EV 111.2 MPH)
|
|
Batting: RHB David Watkins
|
0-0: Ball 1-0: Ground out 6-3 (Groundball, 6, EV 102.5 MPH)
|
| Top of the 1st over - 0 runs, 1 hit, 0 errors, 1 left on base; Tijuana 0 - Americus 0 |
| BOTTOM OF THE 1ST |
|
Americus Braves batting - Pitching for Tijuana Toros : RHP Jordan Amaker
|
|
Pitching: RHP Jordan Amaker
|
|
|
Batting: RHB Joe Young
|
0-0: Ball 1-0: Ball 2-0: Ball 3-0: Called Strike 3-1: Base on Balls
|
|
Batting: RHB Yojiro Hayashi
|
0-0: Ball Joe Young is caught stealing 2nd base 2-4 1-0: Foul Ball, location: 2F 1-1: Ball 2-1: DOUBLE (Groundball, 5L, EV 101.2 MPH)
|
|
Batting: LHB Ryan Murdock
|
0-0: Called Strike 0-1: Foul Ball, location: 2F 0-2: Ball 1-2: Ball 2-2: Foul Ball, location: 2F 2-2: Foul Ball, location: 2F 2-2: 2-RUN HOME RUN (Flyball, 7D, EV 98.8 MPH), Distance : 387 ft
|
|
Batting: RHB Josh McCormick
|
0-0: Ball 1-0: Foul Ball, location: 2F 1-1: Fly out, F5 (Popup, 6S, EV 76.9 MPH)
|
|
Pitching: RHP Seved Landgre
|
|
|
Batting: LHB Andres Aldape
|
0-0: Called Strike 0-1: Ball 1-1: SINGLE (Groundball, 56, EV 98.1 MPH)
|
|
Batting: LHB Mark Dearth
|
0-0: Foul Ball, location: 2F 0-1: Called Strike 0-2: Foul Ball, location: 2F 0-2: Foul Ball, location: 2F 0-2: Ball 1-2: Foul Ball, location: 2F 1-2: Ball 2-2: Strikes out swinging
|
| Bottom of the 1st over - 2 runs, 3 hits, 0 errors, 1 left on base; Tijuana 0 - Americus 2 |
| TOP OF THE 2ND |
|
Tijuana Toros batting - Pitching for Americus Braves : RHP Iestyn Nicholls
|
|
Batting: LHB Mesfin Azagba
|
0-0: Ball 1-0: Ball 2-0: Foul Ball, location: 2F 2-1: Ball 3-1: Ground out 5-3 (Groundball, 5, EV 87.5 MPH)
|
|
Batting: RHB Joe Bower
|
0-0: Ball 1-0: Foul Ball, location: 2F 1-1: Ball 2-1: Fly out, F9 (Flyball, 9LS, EV 93.8 MPH)
|
|
Batting: RHB Will Barksdale
|
0-0: Ball 1-0: SINGLE (Line Drive, 4D, EV 95.0 MPH)
|
|
Batting: RHB Ruben Irizarry
|
0-0: Swinging Strike 0-1: Swinging Strike 0-2: Ball 1-2: Ball 2-2: Strikes out swinging
|
| Top of the 2nd over - 0 runs, 1 hit, 0 errors, 1 left on base; Tijuana 0 - Americus 2 |
| BOTTOM OF THE 2ND |
|
Americus Braves batting - Pitching for Tijuana Toros : RHP Seved Landgre
|
|
Batting: LHB Tamaichi Sasada
|
0-0: Ball 1-0: Called Strike 1-1: Ball 2-1: Foul Ball, location: 2F 2-2: Ground out 4-3 (Groundball, 4, EV 103.8 MPH)
|
|
Batting: RHB Gerard Michel
|
0-0: Ball 1-0: Foul Ball, location: 2F 1-1: SINGLE (Groundball, 56D, EV 109.4 MPH)
|
|
Pitching: RHP Balinda Msrah
|
|
|
Batting: RHB George Provance
|
0-0: Ball 1-0: Foul Ball, location: 2F 1-1: Called Strike 1-2: Ball 2-2: Ball 3-2: Grounds into double play, 6-4-3 (Groundball, 6, EV 83.8 MPH)
|
| Bottom of the 2nd over - 0 runs, 1 hit, 0 errors, 0 left on base; Tijuana 0 - Americus 2 |
| TOP OF THE 3RD |
|
Tijuana Toros batting - Pitching for Americus Braves : RHP Iestyn Nicholls
|
|
Batting: RHB Djoka Subasic
|
0-0: Fly out, F8 (Flyball, 8RM, EV 93.8 MPH)
|
|
Batting: LHB Nate Kee
|
0-0: Ground out U3 (Groundball, 34S, EV 70.0 MPH)
|
|
Batting: RHB Chad Rojas
|
0-0: Foul Ball, location: 2F 0-1: Ball 1-1: Foul Ball, location: 2F 1-2: Foul Ball, location: 2F 1-2: Strikes out swinging
|
| Top of the 3rd over - 0 runs, 0 hits, 0 errors, 0 left on base; Tijuana 0 - Americus 2 |
| BOTTOM OF THE 3RD |
|
Americus Braves batting - Pitching for Tijuana Toros : RHP Balinda Msrah
|
|
Batting: RHB Joe Young
|
0-0: Ball 1-0: Ball 2-0: Ball 3-0: Base on Balls
|
|
Batting: RHB Yojiro Hayashi
|
0-0: Called Strike Joe Young steals 2nd base 0-1: Ball 1-1: Called Strike 1-2: Ball Wild Pitch! Joe Young to third 2-2: Foul Ball, location: 2F 2-2: Ball 3-2: Base on Balls
|
|
Batting: LHB Ryan Murdock
|
0-0: Foul Ball, location: 2F 0-1: Ball 1-1: Ball 2-1: SINGLE (Groundball, 4D, EV 99.4 MPH) Joe Young scores Yojiro Hayashi to second Runner from 2nd tries for 3rd, OUT! 8-5
|
|
Pitching: RHP Alfredo Sanchez
|
|
|
Batting: RHB Josh McCormick
|
0-0: Called Strike 0-1: Swinging Strike 0-2: Strikes out swinging
|
|
Batting: LHB Andres Aldape
|
0-0: Called Strike 0-1: Swinging Strike 0-2: Foul Ball, location: 2F 0-2: Ground out 4-3 (Groundball, 4, EV 107.5 MPH)
|
| Bottom of the 3rd over - 1 run, 1 hit, 0 errors, 1 left on base; Tijuana 0 - Americus 3 |
| TOP OF THE 4TH |
|
Tijuana Toros batting - Pitching for Americus Braves : RHP Iestyn Nicholls
|
|
Batting: SHB Shane Marcum
|
0-0: Foul Ball, location: 2F 0-1: SOLO HOME RUN (Flyball, 9LD, EV 95.0 MPH), Distance : 349 ft
|
|
Batting: RHB David Watkins
|
0-0: DOUBLE (Groundball, 3L, EV 96.9 MPH)
|
|
Batting: LHB Mesfin Azagba
|
0-0: Swinging Strike 0-1: Ball 1-1: Foul Ball, location: 2F 1-2: Foul Ball, location: 2F 1-2: Strikes out looking
|
|
Batting: RHB Joe Bower
|
0-0: Ball 1-0: Fly out, F4 (Popup, 4S, EV 74.4 MPH)
|
|
Batting: RHB Will Barksdale
|
0-0: Ball 1-0: Called Strike 1-1: Called Strike 1-2: Strikes out swinging
|
| Top of the 4th over - 1 run, 2 hits, 0 errors, 1 left on base; Tijuana 1 - Americus 3 |
| BOTTOM OF THE 4TH |
|
Americus Braves batting - Pitching for Tijuana Toros : RHP Alfredo Sanchez
|
|
Batting: LHB Mark Dearth
|
0-0: Ball 1-0: Fly out, F9 (Flyball, 9S, EV 82.5 MPH)
|
|
Batting: LHB Tamaichi Sasada
|
0-0: SOLO HOME RUN (Flyball, 8LXD, EV 118.1 MPH), Distance : 482 ft
|
|
Batting: RHB Gerard Michel
|
0-0: Swinging Strike 0-1: Fly out, F8 (Line Drive, 8LM, EV 92.5 MPH)
|
|
Batting: RHB George Provance
|
0-0: Ball 1-0: Called Strike 1-1: Foul Ball, location: 2F 1-2: Strikes out swinging
|
| Bottom of the 4th over - 1 run, 1 hit, 0 errors, 0 left on base; Tijuana 1 - Americus 4 |
| TOP OF THE 5TH |
|
Tijuana Toros batting - Pitching for Americus Braves : RHP Iestyn Nicholls
|
|
Batting: RHB Ruben Irizarry
|
0-0: Called Strike 0-1: Ball 1-1: SINGLE (Flyball, 7LS, EV 90.6 MPH)
|
|
Batting: RHB Djoka Subasic
|
0-0: Fly out, F2 (Popup, 23F, EV 91.2 MPH)
|
|
Batting: LHB Nate Kee
|
0-0: Called Strike 0-1: Hit by Pitch Ruben Irizarry to second
|
|
Batting: RHB Chad Rojas
|
0-0: Called Strike 0-1: Ball 1-1: Foul Ball, location: 2F 1-2: Reached on error, E6 (Groundball, 6, EV 83.8 MPH) Ruben Irizarry to third Nate Kee to second
|
|
Batting: SHB Shane Marcum
|
0-0: Foul Ball, location: 2F 0-1: SINGLE (Groundball, 3S, EV 66.9 MPH) (infield hit) Ruben Irizarry scores Nate Kee to third Chad Rojas to second
|
|
Batting: RHB David Watkins
|
0-0: Ball 1-0: Foul Ball, location: 2F 1-1: Fly out, F4 (Popup, 4M, EV 63.8 MPH)
|
|
Batting: LHB Mesfin Azagba
|
0-0: Ball 1-0: Ground out 6-3 (Groundball, 6M, EV 86.9 MPH)
|
| Top of the 5th over - 1 run, 2 hits, 1 error, 3 left on base; Tijuana 2 - Americus 4 |
| BOTTOM OF THE 5TH |
|
Americus Braves batting - Pitching for Tijuana Toros : RHP Alfredo Sanchez
|
|
Batting: RHB Joe Young
|
0-0: Fly out, F8 (Flyball, 78D, EV 90.6 MPH)
|
|
Batting: RHB Yojiro Hayashi
|
0-0: Fly out, F5 (Flyball, 5D, EV 83.8 MPH)
|
|
Pitching: RHP Gary Salazar
|
|
|
Batting: LHB Ryan Murdock
|
0-0: Ball 1-0: Ball 2-0: Called Strike 2-1: Ball 3-1: Base on Balls
|
|
Batting: RHB Josh McCormick
|
0-0: Foul Ball, location: 2F 0-1: Ball 1-1: Foul Ball, location: 2F 1-2: Ground out 6-3 (Groundball, 6M, EV 84.4 MPH)
|
| Bottom of the 5th over - 0 runs, 0 hits, 0 errors, 1 left on base; Tijuana 2 - Americus 4 |
| TOP OF THE 6TH |
|
Tijuana Toros batting - Pitching for Americus Braves : RHP Iestyn Nicholls
|
|
Batting: RHB Joe Bower
|
0-0: Called Strike 0-1: Ball 1-1: Foul Ball, location: 2F 1-2: Foul Ball, location: 2F 1-2: Strikes out looking
|
|
Batting: RHB Will Barksdale
|
0-0: Ball 1-0: Ball 2-0: Ball 3-0: Called Strike 3-1: Called Strike 3-2: Ground out 6-3 (Groundball, 6, EV 91.9 MPH)
|
|
Batting: RHB Ruben Irizarry
|
0-0: Called Strike 0-1: Called Strike 0-2: Strikes out swinging
|
| Top of the 6th over - 0 runs, 0 hits, 0 errors, 0 left on base; Tijuana 2 - Americus 4 |
| BOTTOM OF THE 6TH |
|
Americus Braves batting - Pitching for Tijuana Toros : RHP Gary Salazar
|
|
Batting: LHB Andres Aldape
|
0-0: Ball 1-0: Foul Ball, location: 2F 1-1: Swinging Strike 1-2: Strikes out swinging
|
|
Batting: LHB Mark Dearth
|
0-0: Ball 1-0: DOUBLE (Line Drive, 89D, EV 102.5 MPH)
|
|
Batting: LHB Tamaichi Sasada
|
0-0: Ground out 4-3 (Groundball, 4, EV 102.5 MPH) Mark Dearth to third
|
|
Batting: RHB Gerard Michel
|
0-0: Ball 1-0: Ball 2-0: Called Strike 2-1: Foul Ball, location: 2F 2-2: Foul Ball, location: 2F 2-2: Ball 3-2: Strikes out swinging
|
| Bottom of the 6th over - 0 runs, 1 hit, 0 errors, 1 left on base; Tijuana 2 - Americus 4 |
| TOP OF THE 7TH |
|
Tijuana Toros batting - Pitching for Americus Braves : RHP Iestyn Nicholls
|
|
Batting: RHB Djoka Subasic
|
0-0: Swinging Strike 0-1: Foul Ball, location: 2F 0-2: Ball 1-2: Strikes out swinging
|
|
Batting: LHB Nate Kee
|
0-0: Ball 1-0: Called Strike 1-1: SINGLE (Groundball, 6MS, EV 70.6 MPH) (infield hit)
|
|
Batting: RHB Chad Rojas
|
0-0: Ball 1-0: Foul Ball, location: 2F 1-1: Fielders Choice at 2nd, 4-6 (Groundball, 4, EV 87.5 MPH)
|
|
Batting: SHB Shane Marcum
|
0-0: Swinging Strike 0-1: Ball 1-1: Ball 2-1: Foul Ball, location: 2F 2-2: Ball 3-2: Fly out, F7 (Flyball, 78D, EV 95.6 MPH)
|
| Top of the 7th over - 0 runs, 1 hit, 0 errors, 1 left on base; Tijuana 2 - Americus 4 |
| BOTTOM OF THE 7TH |
|
Americus Braves batting - Pitching for Tijuana Toros : RHP Gary Salazar
|
|
Pitching: RHP Andrew Telles
|
|
|
Batting: RHB George Provance
|
0-0: Ground out 6-3 (Groundball, 6, EV 96.9 MPH)
|
|
Batting: RHB Joe Young
|
0-0: Called Strike 0-1: Ball 1-1: Ball 2-1: Foul Ball, location: 2F 2-2: SINGLE (Line Drive, 3D, EV 97.5 MPH)
|
|
Batting: RHB Yojiro Hayashi
|
0-0: Foul Ball, location: 2F 0-1: Ball Joe Young steals 2nd base (no throw) 1-1: Foul Ball, location: 2F 1-2: DOUBLE (Line Drive, 7LM, EV 112.5 MPH) Joe Young scores
|
|
Batting: LHB Ryan Murdock
|
0-0: Called Strike 0-1: Ball 1-1: Foul Ball, location: 2F 1-2: Ball 2-2: Ball 3-2: SINGLE (Groundball, 34D, EV 108.1 MPH) Yojiro Hayashi to third Runner from 3rd tries for Home, SAFE, throw by RF to home
|
|
Batting: RHB Josh McCormick
|
0-0: Ball 1-0: Called Strike 1-1: Swinging Strike 1-2: SINGLE (Popup, 56D, EV 69.4 MPH) Ryan Murdock to second
|
|
Pitching: RHP Jeff Lewis
|
|
|
Batting: LHB Andres Aldape
|
0-0: Ball 1-0: Ball 2-0: Ball 3-0: Called Strike 3-1: Called Strike 3-2: 3-RUN HOME RUN (Flyball, 9D, EV 103.8 MPH), Distance : 391 ft
|
|
Batting: LHB Mark Dearth
|
0-0: Foul Ball, location: 2F 0-1: Ball 1-1: Foul Ball, location: 2F 1-2: Ground out 6-3 (Groundball, 6D, EV 103.1 MPH)
|
|
Pinch Hitting: LHB Jason Herr
|
0-0: Ball 1-0: Ball 2-0: SINGLE (Line Drive, 34, EV 96.9 MPH)
|
|
Batting: RHB Gerard Michel
|
0-0: Foul Ball, location: 2F 0-1: Ball 1-1: Swinging Strike 1-2: DOUBLE (Flyball, 78XD, EV 106.9 MPH) Jason Herr to third
|
|
Batting: RHB George Provance
|
0-0: Ball 1-0: Ball 2-0: Ball 3-0: Base on Balls
|
|
Pitching: RHP Kevin Fleming
|
|
|
Batting: RHB Joe Young
|
0-0: Ball 1-0: Called Strike 1-1: Swinging Strike 1-2: Strikes out swinging
|
| Bottom of the 7th over - 5 runs, 7 hits, 0 errors, 3 left on base; Tijuana 2 - Americus 9 |
| TOP OF THE 8TH |
|
Tijuana Toros batting - Pitching for Americus Braves : RHP Iestyn Nicholls
|
|
Pitching: RHP Jessie Mattei
|
|
|
Now at 1B: Terry Hughes
|
|
|
Batting: RHB David Watkins
|
0-0: Ball 1-0: Swinging Strike 1-1: Ball 2-1: Fly out, F8 (Flyball, 8RXD, EV 111.2 MPH)
|
|
Batting: LHB Mesfin Azagba
|
0-0: Ball 1-0: Foul Ball, location: 2F 1-1: Ball 2-1: Ground out 3-1 (Groundball, 34, EV 85.0 MPH)
|
|
Batting: RHB Joe Bower
|
0-0: Ball 1-0: Called Strike 1-1: Foul Ball, location: 2F 1-2: Strikes out looking
|
| Top of the 8th over - 0 runs, 0 hits, 0 errors, 0 left on base; Tijuana 2 - Americus 9 |
| BOTTOM OF THE 8TH |
|
Americus Braves batting - Pitching for Tijuana Toros : RHP Kevin Fleming
|
|
Batting: RHB Yojiro Hayashi
|
0-0: Ball 1-0: Ball 2-0: Foul Ball, location: 2F 2-1: Called Strike 2-2: Ball 3-2: Foul Ball, location: 2F 3-2: Foul Ball, location: 2F 3-2: Base on Balls
|
|
Batting: LHB Ryan Murdock
|
0-0: Ball 1-0: Ball 2-0: Ball 3-0: Called Strike 3-1: Base on Balls Yojiro Hayashi to second
|
|
Batting: RHB Josh McCormick
|
0-0: Swinging Strike 0-1: Ball 1-1: Swinging Strike 1-2: Strikes out swinging
|
|
Batting: LHB Andres Aldape
|
0-0: Ball 1-0: Ball 2-0: Ball 3-0: Called Strike 3-1: Swinging Strike 3-2: Foul Ball, location: 2F 3-2: Foul Ball, location: 2F 3-2: TRIPLE (Line Drive, 89XD, EV 105.0 MPH) Yojiro Hayashi scores Ryan Murdock scores
|
|
Batting: LHB Mark Dearth
|
0-0: Ball 1-0: Ball 2-0: Fly out, F8 (Flyball, 89M, EV 85.6 MPH) Runner from 3rd tags up, SCORES, throw by CF
|
|
Pitching: RHP John Hanson
|
|
|
Batting: RHB Terry Hughes
|
0-0: Called Strike 0-1: Called Strike 0-2: Foul Ball, location: 2F 0-2: Ball 1-2: Foul Ball, location: 2F 1-2: Strikes out swinging
|
| Bottom of the 8th over - 3 runs, 1 hit, 0 errors, 0 left on base; Tijuana 2 - Americus 12 |
| TOP OF THE 9TH |
|
Tijuana Toros batting - Pitching for Americus Braves : RHP Jessie Mattei
|
|
Batting: RHB Will Barksdale
|
0-0: Ball 1-0: Ground out 6-3 (Groundball, 6, EV 105.6 MPH)
|
|
Batting: RHB Ruben Irizarry
|
0-0: Called Strike 0-1: Called Strike 0-2: Foul Ball, location: 2F 0-2: Ball 1-2: Strikes out swinging
|
|
Batting: RHB Djoka Subasic
|
0-0: Ball 1-0: Foul Ball, location: 2F 1-1: Called Strike 1-2: Strikes out swinging
|
| Top of the 9th over - 0 runs, 0 hits, 0 errors, 0 left on base; Tijuana 2 - Americus 12 |
|